 Dungeon Crawl Stone Soup version 0.31-a0-210-gccc998df9b (webtiles) character file.

Game seed: 14864712372222066996

90181 qw the Severer (level 15, -5/98 HPs)
             Began as a Gargoyle Fighter on June 29, 2023.
             Was a High Priest of Okawaru.
             Killed by divine providence
             ... invoked by an orc priest
              (12 damage)
             ... on level 2 of the Orcish Mines.
             The game lasted 00:16:50 (24786 turns).

qw the Severer (Gargoyle Fighter)                  Turns: 24786, Time: 00:16:50

Health: -5/98      AC: 34    Str: 27    XL:     15   Next: 99%
Magic:  31/31      EV: 15    Int:  6    God:    Okawaru [*****.]
Gold:   1790       SH: 13    Dex:  9    Spells: 14/14 levels left

rFire   + . .        Y - +2 broad axe (pain)
rCold   . . .        z - +0 kite shield
rNeg    + . .        r - +0 plate armour
rPois   inf          u - +1 helmet of the Mind {Rampage rF+ rCorr MP+9 Int-3}
rElec   +            p - +1 cloak
rCorr   +            (no gloves)
SInv    +            (no boots)
Will    +....        h - amulet of regeneration Stlth
                     i - +5 ring of evasion
HPRegen 1.16/turn    e - ring of see invisible
MPRegen 0.22/turn

%: rampage
@: about to teleport, heroic, spiked, flying
A: sickness immunity, AC +11, big wings, negative energy resistance 1,
electricity resistance, torment resistance 1, petrification resistance
a: Renounce Religion, Heroism, Finesse, Duel


You were on level 2 of the Orcish Mines.
You worshipped Okawaru.
Okawaru was extremely pleased with you.
You visited 4 branches of the dungeon, and saw 23 of its levels.
You visited the Abyss 1 time.

You collected 1790 gold pieces.


Innate Abilities, Weirdness & Mutations

You are immune to sickness and miasma.
Your stone body is resilient. (AC +11)
You are immune to poison.
Your large and strong wings let you fly.
You resist negative energy. (rN+)
You are resistant to electric shocks. (rElec)
You are resistant to unholy torment.
You are immune to petrification.


   Skills:
 - Level 13.1(18.1) Fighting
 - Level 17.0(22.0) Axes
 - Level 5.1(10.1) Throwing
 - Level 11.3(16.3) Armour
 - Level 3.1(8.1) Dodging
 + Level 11.8(16.8) Shields
 - Level 10.0 Invocations


You had 14 spell levels left.
You didn't know any spells.
Your spell library was empty.

Inventory:

Hand Weapons
 v - a +0 broad axe
 x - a +3 war axe of flaming
 Y - a +2 broad axe of pain (weapon)
Missiles
 y - 8 boomerangs (quivered)
Armour
 n - the +2 cloak of the Thief {*Fog Slay-2 SInv Stlth+}
   (You found it on level 5 of the Lair of Beasts)

   *Fog:      It may release a thick cloud of smoke when the wearer is hurt.
   Slay:      It affects your accuracy & damage with ranged weapons and melee
   (-2).
   SInv:      It lets you see invisible.
   Stlth:     It makes you more stealthy.
 p - a +1 cloak (worn)
 r - a +0 plate armour (worn)
 u - the +1 helmet of the Mind (worn) {Rampage rF+ rCorr MP+9 Int-3}
   (Okawaru gifted it to you on level 13 of the Dungeon)

   Int:       It affects your intelligence (-3).
   rF:        It protects you from fire.
   MP:        It affects your magic capacity (+9).
   rCorr:     It protects you from acid and corrosion.
   Rampage:   It bestows one free step when moving towards enemies.
 z - a +0 kite shield (worn)
Jewellery
 e - a ring of see invisible (right hand)
 f - a ring of willpower
 h - an amulet of regeneration (around neck)
 i - a +5 ring of evasion (left hand)
 k - a ring of fire
Scrolls
 a - 9 scrolls of identify
 l - 2 scrolls of teleportation
Potions
 b - 4 potions of mutation
 d - 6 potions of might
 g - 4 potions of cancellation
 j - 3 potions of lignification
 o - 4 potions of curing
 q - 2 potions of attraction
 s - a potion of haste
 t - 3 potions of heal wounds
 w - 3 potions of enlightenment

Dungeon Overview and Level Annotations

Branches:
Dungeon (15/15)            Temple (1/1) D:5            Lair (5/5) D:9
  Swamp (0/4) Lair:2        Snake (0/4) Lair:3        Slime (0/5) Lair:4
    Orc (2/2) D:10            Elf (0/3) Orc:2        Vaults (0/5) D:13
 Depths (0/4) D:15

Altars:
Ashenzari
Cheibriados
Dithmenos
Elyvilon
Fedhas
Gozag
Hepliaklqana
Kikubaaqudgha
Makhleb
Nemelex Xobeh
Okawaru
Qazlal
Ru
Sif Muna
Trog
Uskayaw
Vehumet
Wu Jian
Xom
Yredelemnul
Zin
The Shining One
Jiyva

Shops:
D:7 (   Orc:1 :   Orc:2 [[[:

Portals:
Trove: D:11 (give +3 storm dragon scales)

Annotations:
D:1 exclusion: giant cockroach
D:4 1 runed translucent door, Crazy Yiuf
Lair:1 1 runed translucent door, qw's ghost, journeyman NaHu
Lair:2 exclusions: 3 electric eels and oklob plant


Message History

The orc warrior shouts repeatedly, in orcish tradition.
The orc sorcerer points at you and mumbles some strange words.
You resist with some effort.
The orc high priest calls upon Beogh to heal the orc sorcerer.
The orc sorcerer's wounds heal themselves!
The orc sorcerer hits you but does no damage.
An orc comes into view. It is wielding a +0 short sword.
The orc wizard casts a spell.
The orc wizard flickers and vanishes for a moment.
An orc wizard comes into view. It is wielding a +0 dagger.
The orc priest mumbles some strange prayers to Beogh against you.
Beogh smites you!
The red devil hits you but does no damage.
The orc priest hits you but does no damage.
The orc wizard hits you but does no damage. x2
The orc sorcerer hits you but does no damage.
The orc high priest hits you with a +0 war axe.
The orc sorcerer points at you and mumbles some strange words.
You shrug off the repeated paralysis!
An orc warrior comes into view. It is wielding a +0 dire flail.
An orc priest comes into view. It is wielding a +0 whip.
The red devil hits you from afar with a +0 trident.
Barbed spikes become lodged in your body.
You can move again.
24786 ||| READING 3 scrolls of teleportation.
As you read the scroll of teleportation, it crumbles to dust.
You feel strangely unstable.
The orc priest looks encouraged for a moment.
You block the orc priest's attack.
The orc wizard points at you and mumbles some strange words.
The orc wizard appears confused.
You block the orc wizard's attack. The orc wizard completely misses you.
The orc wizard closely misses you. The orc sorcerer barely misses you.
The orc high priest completely misses you.
The orc sorcerer hits you but does no damage.
The orc wizard gestures wildly while chanting.
The orc wizard flickers and vanishes for a moment.
The orc priest invokes the aid of Beogh against you.
Beogh smites you!
You die... ... oo### . oo#. .. .o. ... . ##oo ## .... #.. ooo

o#o.#
##...#o#ooo##
#....oo@o4o.#
##...#o#ooo##
#..


.oo o#o.# . ##oo ## .... oo. ... ..#. .. ..### . ... You could see an orc high
priest, 3 orc sorcerers, a red devil (summoned), 5 orc warriors, 7 orc priests,
13 orc wizards and 3 orcs.

Vanquished Creatures
  Rupert (D:13)
  Snorg (D:10)
  Josephine (D:14)
  An ettin (D:15)
  Erolcha (D:9)
  8 hydras
  An ogre mage (D:13)
  2 boulder beetles
  A merfolk avatar (Lair:5)
  7 centaur warriors
  Erica (D:10)
  3 death yaks (Lair:5)
  8 tengu warriors
  2 two-headed ogres (D:13)
  4 hell hogs (Abyss:2)
  Sonja (D:12)
  3 skysharks
  5 skeletal warriors (D:13)
  2 wizards (D:15)
  2 orc knights
  A harpy (Lair:5)
  4 ugly things
  2 deep elf pyromancers
  7 cyclopes
  5 manticores
  A wolf spider (Lair:2)
  15 elephants
  An orc sorcerer (D:15)
  7 black mambas
  3 gargoyles
  15 cane toads
  Maggie (Lair:1)
  2 unseen horrors (D:12)
  5 yaktaurs (D:15)
  A kobold demonologist (D:13)
  9 komodo dragons
  An efreet (D:15)
  A freezing wraith (D:14)
  5 rime drakes
  A komodo dragon (shapeshifter) (D:13)
  2 tengu conjurers (D:15)
  2 large abominations (Abyss:2)
  3 meliai (D:15)
  3 trolls
  2 wind drakes (Lair:5)
  A queen bee (shapeshifter) (D:15)
  3 polar bears
  A tarantella (shapeshifter) (D:15)
  2 hornets
  23 blink frogs
  3 shadows
  2 wyverns (Lair:5)
  6 wraiths
  6 basilisks
  54 yaks
  A steam dragon (D:7)
  7 vampire mosquitoes
  A warg (D:14)
  Menkaure (D:4)
  2 nagas (Lair:3)
  An acid dragon (shapeshifter) (D:15)
  14 water moccasins
  3 black bears
  14 orc warriors
  3 ice beasts
  7 ogres
  23 wolves
  10 centaurs
  A phantom (D:6)
  5 kobold brigands
  Blork the orc (D:4)
  A gnoll sergeant (D:6)
  12 bullfrogs
  5 scorpions
  4 wights (D:6)
  8 killer bees
  3 electric eels
  16 howler monkeys
  9 orc priests
  2 sleepcaps
  6 gnoll boudas
  8 hounds
  4 jellies
  Jessica (D:2)
  2 iguanas (D:6)
  11 orc wizards
  3 adders
  35 gnolls
  An ufetubus (D:6)
  4 dart slugs
  57 orcs
  7 ball pythons
  7 endoplasms
  8 giant cockroaches
  6 goblins
  2 hobgoblins
  2 jackals (D:1)
  5 quokkas
  4 bats
  4 frilled lizards
  18 kobolds
  5 rats
609 creatures vanquished.

Vanquished Creatures (others)
  A bullfrog (D:7)
  An orc (D:10)
2 creatures vanquished.

Grand Total: 611 creatures vanquished

Notes
Turn   | Place    | Note
-------+----------+-------------------------------------------
     0 | D:1      | qw the Gargoyle Fighter began the quest for the Orb.
     0 | D:1      | Reached XP level 1. HP: 14/14 MP: 1/1
     0 | D:1      | 0 ||| qw: Version: 0.3-a-24-g62f9e04
     0 | D:1      | 0 ||| qw: Game counter: 6709
     0 | D:1      | 0 ||| qw: Melee chars always use a shield: true
     0 | D:1      | 0 ||| qw: God list: Okawaru
     0 | D:1      | 0 ||| qw: Allow faded altars: false
     0 | D:1      | 0 ||| qw: Do Orc after clearing Dungeon:15 true
     0 | D:1      | 0 ||| qw: Do second Lair branch before Depths: true
     0 | D:1      | 0 ||| qw: Lair rune preference: random
     0 | D:1      | 0 ||| qw: Goals: Normal, Zot:1-4, Slime:5, God:TSO, Crypt,
                  | Tomb, Abyss, Pan, Hells, Win
     0 | D:1      | 0 ||| PLANNING D:1-11
   123 | D:1      | Reached skill level 2 in Axes
   216 | D:1      | 216 ||| Stepping ~*~*~tactically~*~*~ (stealth).
   227 | D:1      | Reached XP level 2. HP: 16/19 MP: 2/2
   267 | D:1      | 267 ||| Stepping ~*~*~tactically~*~*~ (hiding).
  1081 | D:1      | Reached skill level 3 in Axes
  1262 | D:1      | 1262 ||| UPGRADING to +5 ring of evasion.
  1264 | D:1      | 1264 ||| READING 2 scrolls labelled XINTUDD JALESM.
  1265 | D:1      | 1265 ||| READING scroll labelled BUMNOTEAFI.
  1266 | D:1      | 1266 ||| READING scroll labelled HULACERETT.
  1351 | D:1      | 1351 ||| DROPPING +0 club.
  1359 | D:1      | Reached XP level 3. HP: 23/23 MP: 3/3
  1709 | D:2      | Found a shadowy altar of Dithmenos.
  1759 | D:2      | 1759 ||| SWAPPING to +0 broad axe.
  1760 | D:2      | 1760 ||| DROPPING +0 war axe.
  1791 | D:2      | 1791 ||| Stepping ~*~*~tactically~*~*~ (hiding).
  1792 | D:2      | 1792 ||| Stepping ~*~*~tactically~*~*~ (hiding).
  1967 | D:2      | Found a faded altar of an unknown god.
  2020 | D:2      | You fall into a shaft and drop 1 floor!
  2205 | D:3      | 2205 ||| UPGRADING to ring of willpower.
  2206 | D:3      | 2206 ||| READING scroll labelled JOIROA AF PEL.
  2210 | D:3      | 2210 ||| READING scroll labelled GADEPL ESSI.
  2211 | D:3      | 2211 ||| READING scroll labelled XUETHA NEYZE.
  2212 | D:3      | 2212 ||| DRINKING 2 sedimented ruby potions.
  2213 | D:3      | 2213 ||| READING 2 scrolls of identify.
  2213 | D:3      | 2213 ||| IDENTIFYING white potion
  2214 | D:3      | 2214 ||| DROPPING potion of ambrosia.
  2215 | D:3      | 2215 ||| DROPPING potion of brilliance.
  2280 | D:2      | 2280 ||| Stepping ~*~*~tactically~*~*~ (hiding).
  2474 | D:2      | Reached XP level 4. HP: 19/28 MP: 4/4
  2587 | D:2      | 2587 ||| Stepping ~*~*~tactically~*~*~ (stealth).
  2608 | D:2      | Noticed Jessica
  2609 | D:2      | Killed Jessica
  2610 | D:2      | Reached skill level 4 in Axes
  2613 | D:2      | 2613 ||| DROPPING +0 whip.
  2695 | D:2      | 2695 ||| UPGRADING to +1 hat.
  2700 | D:2      | 2700 ||| UPGRADING to ring of see invisible.
  2702 | D:2      | 2702 ||| READING scroll labelled ZOFEXO PAJO.
  2776 | D:3      | 2776 ||| FLEEEEING.
  2777 | D:3      | 2777 ||| FLEEEEING.
  2778 | D:3      | 2778 ||| FLEEEEING.
  2779 | D:3      | 2779 ||| FLEEEEING.
  2780 | D:3      | 2780 ||| FLEEEEING.
  2781 | D:3      | 2781 ||| FLEEEEING.
  2782 | D:3      | 2782 ||| FLEEEEING.
  2783 | D:3      | 2783 ||| FLEEEEING.
  2784 | D:3      | 2784 ||| FLEEEEING.
  2785 | D:3      | 2785 ||| FLEEEEING.
  2786 | D:3      | 2786 ||| FLEEEEING.
  2787 | D:3      | 2787 ||| FLEEEEING.
  2788 | D:3      | 2788 ||| FLEEEEING.
  2789 | D:3      | 2789 ||| FLEEEEING.
  2790 | D:3      | 2790 ||| FLEEEEING.
  2791 | D:3      | 2791 ||| FLEEEEING.
  2792 | D:3      | 2792 ||| FLEEEEING.
  2797 | D:3      | 2797 ||| Stepping ~*~*~tactically~*~*~ (stealth).
  2811 | D:3      | 2811 ||| FLEEEEING.
  2812 | D:3      | 2812 ||| STAIRDANCE
  2816 | D:2      | Reached XP level 5. HP: 18/32 MP: 5/5
  2939 | D:3      | Found a sparkling altar of Nemelex Xobeh.
  3185 | D:3      | Reached skill level 5 in Axes
  3349 | D:3      | 3349 ||| DROPPING +6 club.
  3477 | D:4      | Found a runed translucent door.
  3478 | D:4      | Noticed Crazy Yiuf
  3651 | D:4      | 3651 ||| Stepping ~*~*~tactically~*~*~ (stealth).
  3652 | D:4      | Noticed Menkaure
  3653 | D:4      | 3653 ||| Stepping ~*~*~tactically~*~*~ (hiding).
  3665 | D:4      | Reached XP level 6. HP: 14/38 MP: 6/6
  3667 | D:4      | Reached skill level 1 in Dodging
  3672 | D:4      | HP: 1/38 [Menkaure (10)]
  3673 | D:4      | 3673 ||| READING scroll of teleportation.
  3674 | D:4      | Killed Menkaure
  3901 | D:4      | Reached skill level 6 in Axes
  3926 | D:4      | 3926 ||| Stepping ~*~*~tactically~*~*~ (stealth).
  3927 | D:4      | 3927 ||| Stepping ~*~*~tactically~*~*~ (stealth).
  3950 | D:4      | 3950 ||| Stepping ~*~*~tactically~*~*~ (hiding).
  3951 | D:4      | 3951 ||| Stepping ~*~*~tactically~*~*~ (hiding).
  3980 | D:4      | 3980 ||| DROPPING +0 mace.
  3997 | D:4      | Reached XP level 7. HP: 43/43 MP: 7/7
  4006 | D:4      | Noticed Blork the orc
  4007 | D:4      | 4007 ||| Stepping ~*~*~tactically~*~*~ (stealth).
  4014 | D:4      | 4014 ||| Stepping ~*~*~tactically~*~*~ (hiding).
  4016 | D:4      | 4016 ||| Stepping ~*~*~tactically~*~*~ (hiding).
  4017 | D:4      | 4017 ||| Stepping ~*~*~tactically~*~*~ (hiding).
  4025 | D:4      | Killed Blork the orc
  4409 | D:4      | 4409 ||| UPGRADING to +0 chain mail.
  4419 | D:4      | 4419 ||| DROPPING +0 scale mail.
  4420 | D:4      | 4420 ||| UPGRADING to +0 plate armour.
  4430 | D:4      | 4430 ||| DROPPING +0 chain mail.
  4431 | D:4      | 4431 ||| READING scroll labelled POYXKI ZOSU.
  4432 | D:4      | 4432 ||| DRINKING 3 fizzy ruby potions.
  4433 | D:4      | 4433 ||| READING 3 scrolls of identify.
  4433 | D:4      | 4433 ||| IDENTIFYING sedimented red potion
  4434 | D:4      | 4434 ||| READING 2 scrolls of identify.
  4434 | D:4      | 4434 ||| IDENTIFYING black potion
  4469 | D:5      | Entered Level 5 of the Dungeon
  4470 | D:5      | 4470 ||| Stepping ~*~*~tactically~*~*~ (hiding).
  4473 | D:5      | 4473 ||| STAIRDANCE
  4638 | D:5      | 4638 ||| STAIRDANCE
  4649 | D:4      | Reached skill level 7 in Axes
  4757 | D:5      | 4757 ||| Stepping ~*~*~tactically~*~*~ (stealth).
  4969 | D:5      | 4969 ||| Stepping ~*~*~tactically~*~*~ (stealth).
  4978 | D:5      | Reached XP level 8. HP: 49/49 MP: 8/8
  5020 | D:5      | 5020 ||| Stepping ~*~*~tactically~*~*~ (stealth).
  5021 | D:5      | 5021 ||| Stepping ~*~*~tactically~*~*~ (stealth).
  5140 | D:5      | 5140 ||| Stepping ~*~*~tactically~*~*~ (stealth).
  5141 | D:5      | 5141 ||| Stepping ~*~*~tactically~*~*~ (stealth).
  5143 | D:5      | 5143 ||| Stepping ~*~*~tactically~*~*~ (hiding).
  5144 | D:5      | 5144 ||| Stepping ~*~*~tactically~*~*~ (hiding).
  5145 | D:5      | 5145 ||| Stepping ~*~*~tactically~*~*~ (hiding).
  5146 | D:5      | 5146 ||| Stepping ~*~*~tactically~*~*~ (hiding).
  5188 | D:5      | 5188 ||| Stepping ~*~*~tactically~*~*~ (stealth).
  5189 | D:5      | 5189 ||| Stepping ~*~*~tactically~*~*~ (stealth).
  5247 | D:5      | Found a staircase to the Ecumenical Temple.
  5248 | D:5      | 5248 ||| PLANNING TEMPLE
  5248 | D:5      | 5248 ||| STAIRDANCE
  5382 | D:4      | 5382 ||| READING 3 scrolls of identify.
  5382 | D:4      | 5382 ||| IDENTIFYING sedimented white potion
  5383 | D:4      | 5383 ||| READING 2 scrolls of identify.
  5383 | D:4      | 5383 ||| IDENTIFYING viscous puce potion
  5431 | Temple   | Entered the Ecumenical Temple
  5669 | Temple   | 5669 ||| PLANNING OKAWARU WORSHIP
  5857 | Temple   | Became a worshipper of Warmaster Okawaru
  5858 | Temple   | 5858 ||| PLANNING D:1-11
  6352 | D:6      | 6352 ||| Stepping ~*~*~tactically~*~*~ (stealth).
  6362 | D:6      | Reached skill level 8 in Axes
  6429 | D:6      | HP: 10/51 [gnoll sergeant/+2 spear of freezing (6)]
  6430 | D:6      | 6430 ||| READING 2 scrolls of teleportation.
  6431 | D:6      | 6431 ||| DRINKING potion of heal wounds.
  6434 | D:6      | Reached skill level 6 in Fighting
  6554 | D:6      | 6554 ||| Stepping ~*~*~tactically~*~*~ (stealth).
  6579 | D:6      | Reached * piety under Okawaru
  6580 | D:6      | 6580 ||| INVOKING Heroism.
  6851 | D:6      | Reached skill level 9 in Axes
  6851 | D:6      | Reached XP level 9. HP: 24/55 MP: 9/9
  6959 | D:6      | 6959 ||| Stepping ~*~*~tactically~*~*~ (hiding).
  6960 | D:6      | 6960 ||| INVOKING Heroism.
  6961 | D:6      | 6961 ||| Stepping ~*~*~tactically~*~*~ (hiding).
  6970 | D:6      | Reached skill level 1 in Invocations
  7016 | D:6      | 7016 ||| INVOKING Heroism.
  7075 | D:6      | 7075 ||| INVOKING Heroism.
  7161 | D:6      | 7161 ||| Stepping ~*~*~tactically~*~*~ (stealth).
  7171 | D:6      | Reached skill level 3 in Invocations
  7176 | D:6      | 7176 ||| Stepping ~*~*~tactically~*~*~ (stealth).
  7178 | D:6      | 7178 ||| Stepping ~*~*~tactically~*~*~ (hiding).
  7180 | D:6      | 7180 ||| Stepping ~*~*~tactically~*~*~ (hiding).
  7181 | D:6      | 7181 ||| Stepping ~*~*~tactically~*~*~ (hiding).
  7183 | D:6      | 7183 ||| Stepping ~*~*~tactically~*~*~ (hiding).
  7222 | D:6      | 7222 ||| INVOKING Heroism.
  7391 | D:6      | 7391 ||| Stepping ~*~*~tactically~*~*~ (hiding).
  7392 | D:6      | 7392 ||| Stepping ~*~*~tactically~*~*~ (hiding).
  7394 | D:6      | 7394 ||| Stepping ~*~*~tactically~*~*~ (hiding).
  7395 | D:6      | 7395 ||| Stepping ~*~*~tactically~*~*~ (hiding).
  7645 | D:6      | 7645 ||| UPGRADING to amulet of the acrobat.
  7650 | D:6      | 7650 ||| READING scroll labelled TUMEDI VUMI.
  7651 | D:6      | 7651 ||| READING 2 scrolls of identify.
  7651 | D:6      | 7651 ||| IDENTIFYING smoky red potion
  7652 | D:6      | 7652 ||| DROPPING potion of berserk rage.
  7691 | D:7      | 7691 ||| INVOKING Heroism.
  7710 | D:7      | 7710 ||| INVOKING Heroism.
  7729 | D:7      | 7729 ||| DROPPING +0 flail.
  7737 | D:7      | Found Exo Wuav's Antique Weapon Boutique.
  7799 | D:7      | 7799 ||| Stepping ~*~*~tactically~*~*~ (hiding).
  7815 | D:7      | Reached skill level 1 in Throwing
  7818 | D:7      | 7818 ||| FLEEEEING.
  7819 | D:7      | 7819 ||| FLEEEEING.
  7822 | D:7      | 7822 ||| FLEEEEING.
  7826 | D:7      | 7826 ||| FLEEEEING.
  7829 | D:7      | 7829 ||| FLEEEEING.
  7830 | D:7      | 7830 ||| FLEEEEING.
  7831 | D:7      | 7831 ||| FLEEEEING.
  7832 | D:7      | 7832 ||| FLEEEEING.
  7835 | D:7      | 7835 ||| FLEEEEING.
  7836 | D:7      | 7836 ||| FLEEEEING.
  7839 | D:7      | 7839 ||| FLEEEEING.
  7840 | D:7      | 7840 ||| FLEEEEING.
  7841 | D:7      | 7841 ||| FLEEEEING.
  7847 | D:7      | 7847 ||| FLEEEEING.
  7848 | D:7      | 7848 ||| FLEEEEING.
  7849 | D:7      | 7849 ||| FLEEEEING.
  7850 | D:7      | 7850 ||| FLEEEEING.
  7851 | D:7      | 7851 ||| FLEEEEING.
  7852 | D:7      | 7852 ||| FLEEEEING.
  7853 | D:7      | 7853 ||| FLEEEEING.
  7854 | D:7      | 7854 ||| FLEEEEING.
  7855 | D:7      | 7855 ||| FLEEEEING.
  7856 | D:7      | 7856 ||| FLEEEEING.
  7857 | D:7      | 7857 ||| FLEEEEING.
  7858 | D:7      | 7858 ||| FLEEEEING.
  7948 | D:7      | 7948 ||| Stepping ~*~*~tactically~*~*~ (hiding).
  7949 | D:7      | 7949 ||| Stepping ~*~*~tactically~*~*~ (hiding).
  7950 | D:7      | 7950 ||| Stepping ~*~*~tactically~*~*~ (hiding).
  7952 | D:7      | 7952 ||| INVOKING Heroism.
  7977 | D:7      | 7977 ||| INVOKING Heroism.
  8294 | D:7      | 8294 ||| INVOKING Heroism.
  8357 | D:7      | 8357 ||| DROPPING orb of guile.
  8373 | D:8      | 8373 ||| STAIRDANCE
  8440 | D:8      | 8440 ||| STAIRDANCE
  8455 | D:7      | Reached skill level 10 in Axes
  8509 | D:8      | 8509 ||| Stepping ~*~*~tactically~*~*~ (hiding).
  8510 | D:8      | 8510 ||| Stepping ~*~*~tactically~*~*~ (hiding).
  8520 | D:8      | Reached XP level 10. HP: 59/63 MP: 13/13
  8573 | D:8      | 8573 ||| Stepping ~*~*~tactically~*~*~ (stealth).
  8588 | D:8      | Reached skill level 6 in Armour
  8733 | D:8      | Noticed a centaur warrior
  8747 | D:8      | 8747 ||| INVOKING Heroism.
  8748 | D:8      | Killed a centaur warrior
  8965 | D:8      | 8965 ||| INVOKING Heroism.
  9017 | D:8      | Found a hide-covered altar of Uskayaw.
  9150 | D:8      | 9150 ||| Stepping ~*~*~tactically~*~*~ (hiding).
  9192 | D:8      | Reached ** piety under Okawaru
  9335 | D:8      | Noticed a manticore
  9336 | D:8      | 9336 ||| INVOKING Heroism.
  9342 | D:8      | Killed a manticore
  9343 | D:8      | Reached skill level 3 in Throwing
  9374 | D:8      | 9374 ||| INVOKING Heroism.
  9416 | D:8      | 9416 ||| READING 2 scrolls of identify.
  9416 | D:8      | 9416 ||| IDENTIFYING sedimented dark potion
  9417 | D:8      | 9417 ||| DROPPING potion of invisibility.
  9446 | D:9      | 9446 ||| INVOKING Heroism.
  9496 | D:9      | Noticed Erolcha
  9497 | D:9      | 9497 ||| INVOKING Heroism.
  9508 | D:9      | Killed Erolcha
  9605 | D:9      | Found a flagged portal.
  9768 | D:9      | 9768 ||| INVOKING Heroism.
  9850 | D:9      | Found a staircase to the Lair.
  9873 | D:9      | Reached XP level 11. HP: 62/69 MP: 14/14
  9878 | D:9      | Reached *** piety under Okawaru
  9879 | D:9      | Reached skill level 11 in Axes
  9904 | D:9      | Reached skill level 9 in Fighting
 10157 | D:9      | 10157 ||| INVOKING Heroism.
 10266 | D:9      | 10266 ||| Stepping ~*~*~tactically~*~*~ (hiding).
 10270 | D:9      | 10270 ||| INVOKING Heroism.
 10414 | D:9      | 10414 ||| PLANNING LAIR
 10414 | D:9      | 10414 ||| UPGRADING to +0 cloak.
 10419 | D:9      | 10419 ||| READING scroll labelled UHU ADDEALOFEM.
 10444 | Lair:1   | Entered Level 1 of the Lair of Beasts
 10476 | Lair:1   | 10476 ||| Stepping ~*~*~tactically~*~*~ (stealth).
 10478 | Lair:1   | 10478 ||| Stepping ~*~*~tactically~*~*~ (stealth).
 10479 | Lair:1   | 10479 ||| INVOKING Heroism.
 10499 | Lair:1   | Reached skill level 12 in Axes
 10514 | Lair:1   | 10514 ||| INVOKING Heroism.
 10764 | Lair:1   | Noticed Maggie
 10765 | Lair:1   | 10765 ||| Stepping ~*~*~tactically~*~*~ (hiding).
 10766 | Lair:1   | 10766 ||| Stepping ~*~*~tactically~*~*~ (hiding).
 10780 | Lair:1   | Killed Maggie
 10780 | Lair:1   | Reached **** piety under Okawaru
 10839 | Lair:1   | 10839 ||| SWAPPING to +1 broad axe of pain.
 10868 | Lair:1   | 10868 ||| INVOKING Heroism.
 10888 | Lair:1   | Reached skill level 6 in Shields
 10965 | Lair:1   | 10965 ||| INVOKING Heroism.
 11024 | Lair:1   | 11024 ||| INVOKING Heroism.
 11037 | Lair:1   | Reached XP level 12. HP: 32/77 MP: 13/16
 11045 | Lair:1   | Reached skill level 6 in Invocations
 11186 | Lair:1   | Noticed qw's ghost (journeyman NaHu)
 11189 | Lair:1   | Found a runed translucent door.
 11550 | Lair:1   | 11550 ||| READING scroll labelled DUOFUE KAMNOU.
 11651 | Lair:1   | 11651 ||| READING 3 scrolls of identify.
 11651 | Lair:1   | 11651 ||| IDENTIFYING brown potion
 11663 | Lair:1   | Reached ***** piety under Okawaru
 11747 | Lair:2   | 11747 ||| INVOKING Heroism.
 11986 | Lair:2   | 11986 ||| INVOKING Heroism.
 11987 | Lair:2   | 11987 ||| INVOKING Finesse.
 11988 | Lair:2   | 11988 ||| INVOKING Finesse.
 12014 | Lair:2   | HP: 11/77 [oklob plant/splash of acid (21)]
 12015 | Lair:2   | 12015 ||| READING 3 scrolls of teleportation.
 12016 | Lair:2   | 12016 ||| DRINKING 4 potions of heal wounds.
 12017 | Lair:2   | 12017 ||| INVOKING Heroism.
 12017 | Lair:2   | HP: 2/77 [oklob plant/splash of acid (25)]
 12018 | Lair:2   | 12018 ||| DRINKING 3 potions of heal wounds.
 12309 | Lair:2   | 12309 ||| INVOKING Heroism.
 12329 | Lair:2   | 12329 ||| Stepping ~*~*~tactically~*~*~ (stealth).
 12330 | Lair:2   | 12330 ||| Stepping ~*~*~tactically~*~*~ (stealth).
 12401 | Lair:2   | 12401 ||| INVOKING Heroism.
 12506 | Lair:2   | 12506 ||| FLEEEEING.
 12598 | Lair:2   | 12598 ||| INVOKING Heroism.
 12623 | Lair:2   | HP: 19/77 [oklob plant/splash of acid (19)]
 12624 | Lair:2   | 12624 ||| READING 2 scrolls of teleportation.
 12625 | Lair:2   | 12625 ||| DRINKING 2 potions of heal wounds.
 13065 | Lair:2   | Found a staircase to the Swamp.
 13302 | Lair:2   | 13302 ||| INVOKING Heroism.
 13372 | Lair:2   | 13372 ||| INVOKING Heroism.
 13949 | Lair:3   | Noticed a skyshark
 13959 | Lair:3   | 13959 ||| STAIRDANCE
 13962 | Lair:2   | 13962 ||| INVOKING Heroism.
 13969 | Lair:2   | Killed a skyshark
 14117 | Lair:3   | 14117 ||| Stepping ~*~*~tactically~*~*~ (water).
 14127 | Lair:3   | 14127 ||| INVOKING Heroism.
 14277 | Lair:3   | Noticed an eight-headed hydra
 14278 | Lair:3   | 14278 ||| INVOKING Heroism.
 14281 | Lair:3   | 14281 ||| SWAPPING to +0 war axe of flaming.
 14286 | Lair:3   | Killed a four-headed hydra
 14287 | Lair:3   | Reached skill level 13 in Axes
 14287 | Lair:3   | 14287 ||| SWAPPING to +1 broad axe of pain.
 14326 | Lair:3   | 14326 ||| Stepping ~*~*~tactically~*~*~ (hiding).
 14335 | Lair:3   | 14335 ||| Stepping ~*~*~tactically~*~*~ (hiding).
 14343 | Lair:3   | 14343 ||| INVOKING Heroism.
 14466 | Lair:3   | Found a staircase to the Snake Pit.
 14487 | Lair:3   | 14487 ||| INVOKING Heroism.
 14624 | Lair:3   | 14624 ||| Stepping ~*~*~tactically~*~*~ (stealth).
 14681 | Lair:3   | Identified the +10 short sword of Embarrassment {vamp,
                  | *Corrode rF+ Int+4}
 14756 | Lair:3   | Received a gift from Okawaru
 14757 | Lair:3   | Reached skill level 9 in Armour
 15020 | Lair:3   | Reached skill level 9 in Invocations
 15109 | Lair:3   | Noticed a skyshark
 15121 | Lair:3   | Killed a skyshark
 15332 | Lair:3   | 15332 ||| UPGRADING to +0 helmet.
 15342 | Lair:3   | 15342 ||| DROPPING +1 hat.
 15343 | Lair:3   | 15343 ||| READING 2 scrolls labelled CIKHOO URUDDE.
 15344 | Lair:3   | 15344 ||| DROPPING scroll of noise.
 15397 | Lair:4   | 15397 ||| INVOKING Heroism.
 15420 | Lair:4   | Reached XP level 13. HP: 82/82 MP: 18/20
 15480 | Lair:4   | 15480 ||| Stepping ~*~*~tactically~*~*~ (stealth).
 15485 | Lair:4   | 15485 ||| INVOKING Heroism.
 15667 | Lair:4   | 15667 ||| INVOKING Heroism.
 15813 | Lair:4   | 15813 ||| INVOKING Heroism.
 15817 | Lair:4   | 15817 ||| SWAPPING to +0 war axe of flaming.
 15821 | Lair:4   | Reached skill level 14 in Axes
 15821 | Lair:4   | 15821 ||| SWAPPING to +1 broad axe of pain.
 15855 | Lair:4   | 15855 ||| Stepping ~*~*~tactically~*~*~ (stealth).
 15987 | Lair:4   | 15987 ||| Stepping ~*~*~tactically~*~*~ (stealth).
 15999 | Lair:4   | 15999 ||| FLEEEEING.
 16018 | Lair:4   | 16018 ||| Stepping ~*~*~tactically~*~*~ (stealth).
 16041 | Lair:4   | 16041 ||| INVOKING Heroism.
 16312 | Lair:4   | 16312 ||| READING scroll of enchant armour.
 16312 | Lair:4   | 16312 ||| ENCHANTING +0 helmet.
 16323 | Lair:4   | 16323 ||| INVOKING Heroism.
 16330 | Lair:4   | Received a gift from Okawaru
 16939 | Lair:4   | Found a viscous altar of Jiyva.
 16939 | Lair:4   | Found a staircase to the Slime Pits.
 16999 | Lair:4   | 16999 ||| READING scroll labelled SIZUAM QAYNYA.
 17006 | Lair:5   | Entered Level 5 of the Lair of Beasts
 17034 | Lair:5   | 17034 ||| INVOKING Heroism.
 17039 | Lair:5   | 17039 ||| SWAPPING to +0 war axe of flaming.
 17046 | Lair:5   | 17046 ||| SWAPPING to +2 broad axe of pain.
 17151 | Lair:5   | 17151 ||| INVOKING Heroism.
 17209 | Lair:5   | 17209 ||| FLEEEEING.
 17210 | Lair:5   | 17210 ||| FLEEEEING.
 17211 | Lair:5   | 17211 ||| FLEEEEING.
 17212 | Lair:5   | 17212 ||| FLEEEEING.
 17213 | Lair:5   | 17213 ||| FLEEEEING.
 17214 | Lair:5   | 17214 ||| FLEEEEING.
 17215 | Lair:5   | 17215 ||| FLEEEEING.
 17216 | Lair:5   | 17216 ||| FLEEEEING.
 17217 | Lair:5   | 17217 ||| FLEEEEING.
 17219 | Lair:5   | 17219 ||| FLEEEEING.
 17220 | Lair:5   | 17220 ||| FLEEEEING.
 17221 | Lair:5   | 17221 ||| STAIRDANCE
 17223 | Lair:4   | 17223 ||| INVOKING Heroism.
 17363 | Lair:5   | 17363 ||| INVOKING Heroism.
 17367 | Lair:5   | 17367 ||| SWAPPING to +0 war axe of flaming.
 17376 | Lair:5   | 17376 ||| SWAPPING to +2 broad axe of pain.
 17444 | Lair:5   | 17444 ||| INVOKING Heroism.
 17543 | Lair:5   | 17543 ||| INVOKING Heroism.
 17563 | Lair:5   | Received a gift from Okawaru
 17567 | Lair:5   | 17567 ||| SWAPPING to +0 war axe of flaming.
 17576 | Lair:5   | 17576 ||| SWAPPING to +2 broad axe of pain.
 17584 | Lair:5   | 17584 ||| INVOKING Heroism.
 17697 | Lair:5   | 17697 ||| INVOKING Heroism.
 17701 | Lair:5   | 17701 ||| SWAPPING to +0 war axe of flaming.
 17706 | Lair:5   | Gained mutation: Your large and strong wings let you fly.
                  | [Gargoyle growth]
 17706 | Lair:5   | Reached XP level 14. HP: 78/90 MP: 19/21
 17706 | Lair:5   | 17706 ||| SWAPPING to +2 broad axe of pain.
 17799 | Lair:5   | Reached skill level 15 in Axes
 17860 | Lair:5   | 17860 ||| INVOKING Heroism.
 17939 | Lair:5   | 17939 ||| Stepping ~*~*~tactically~*~*~ (stealth).
 18103 | Lair:5   | 18103 ||| INVOKING Heroism.
 18261 | Lair:5   | 18261 ||| INVOKING Heroism.
 18265 | Lair:5   | 18265 ||| SWAPPING to +0 war axe of flaming.
 18268 | Lair:5   | Reached skill level 12 in Fighting
 18268 | Lair:5   | 18268 ||| SWAPPING to +2 broad axe of pain.
 18390 | Lair:5   | Found the +8 trident of the Octopus King {venom, rElec
                  | rPois}
 18391 | Lair:5   | Found the +2 cloak of the Thief {*Fog Slay-2 SInv Stlth+}
 18395 | Lair:5   | 18395 ||| Stepping ~*~*~tactically~*~*~ (stealth).
 18397 | Lair:5   | 18397 ||| Stepping ~*~*~tactically~*~*~ (stealth).
 18399 | Lair:5   | 18399 ||| INVOKING Heroism.
 18474 | Lair:5   | 18474 ||| Stepping ~*~*~tactically~*~*~ (stealth).
 18477 | Lair:5   | 18477 ||| Stepping ~*~*~tactically~*~*~ (stealth).
 18571 | Lair:5   | 18571 ||| Stepping ~*~*~tactically~*~*~ (stealth).
 18617 | Lair:5   | 18617 ||| INVOKING Heroism.
 18744 | Lair:5   | Identified the +7 falchion of Qathrel {flame, rC+ rN+
                  | Str+2}
 18914 | Lair:5   | 18914 ||| PLANNING D:1-11
 18914 | Lair:5   | 18914 ||| UPGRADING to amulet of regeneration.
 18924 | Lair:5   | 18924 ||| DROPPING amulet of the acrobat.
 18925 | Lair:5   | 18925 ||| DRINKING 2 pink potions.
 19010 | D:10     | Entered Level 10 of the Dungeon
 19014 | D:10     | 19014 ||| Stepping ~*~*~tactically~*~*~ (hiding).
 19028 | D:10     | 19028 ||| Stepping ~*~*~tactically~*~*~ (stealth).
 19440 | D:10     | 19440 ||| Stepping ~*~*~tactically~*~*~ (stealth).
 19441 | D:10     | 19441 ||| Stepping ~*~*~tactically~*~*~ (stealth).
 19443 | D:10     | 19443 ||| Stepping ~*~*~tactically~*~*~ (stealth).
 19447 | D:10     | 19447 ||| Stepping ~*~*~tactically~*~*~ (stealth).
 19449 | D:10     | 19449 ||| Stepping ~*~*~tactically~*~*~ (stealth).
 19452 | D:10     | 19452 ||| Stepping ~*~*~tactically~*~*~ (stealth).
 19468 | D:10     | Received a gift from Okawaru
 19499 | D:10     | Noticed Erica
 19500 | D:10     | 19500 ||| INVOKING Heroism.
 19509 | D:10     | Killed Erica
 19516 | D:10     | Noticed Snorg
 19528 | D:10     | Killed Snorg
 19570 | D:10     | 19570 ||| Stepping ~*~*~tactically~*~*~ (hiding).
 19600 | D:10     | Found a staircase to the Orcish Mines.
 19601 | D:10     | 19601 ||| Stepping ~*~*~tactically~*~*~ (hiding).
 19605 | D:10     | 19605 ||| Stepping ~*~*~tactically~*~*~ (hiding).
 19714 | D:10     | 19714 ||| READING scroll labelled WUSTUNAE WABYUNIJ.
 19732 | D:10     | 19732 ||| READING 8 scrolls of identify.
 19732 | D:10     | 19732 ||| IDENTIFYING coppery potion
 19733 | D:10     | 19733 ||| READING 7 scrolls of identify.
 19733 | D:10     | 19733 ||| IDENTIFYING emerald potion
 19734 | D:10     | 19734 ||| DROPPING potion of degeneration.
 19787 | D:11     | 19787 ||| Stepping ~*~*~tactically~*~*~ (stealth).
 19790 | D:11     | 19790 ||| Stepping ~*~*~tactically~*~*~ (stealth).
 19827 | D:11     | 19827 ||| FLEEEEING.
 19828 | D:11     | 19828 ||| FLEEEEING.
 19829 | D:11     | 19829 ||| FLEEEEING.
 19830 | D:11     | 19830 ||| Stepping ~*~*~tactically~*~*~ (hiding).
 19833 | D:11     | 19833 ||| Stepping ~*~*~tactically~*~*~ (stealth).
 19869 | D:11     | 19869 ||| Stepping ~*~*~tactically~*~*~ (stealth).
 19874 | D:11     | Reached skill level 16 in Axes
 19985 | D:11     | Found a portal to a secret trove of treasure.
 20151 | D:11     | 20151 ||| Stepping ~*~*~tactically~*~*~ (hiding).
 20553 | D:11     | 20553 ||| PLANNING D
 20553 | D:11     | 20553 ||| READING scroll labelled HIDWED QEHYWUW.
 20622 | D:12     | 20622 ||| Stepping ~*~*~tactically~*~*~ (stealth).
 20714 | D:12     | 20714 ||| INVOKING Heroism.
 20817 | D:12     | 20817 ||| Stepping ~*~*~tactically~*~*~ (stealth).
 20882 | D:12     | Noticed Sonja
 20883 | D:12     | 20883 ||| INVOKING Finesse.
 20890 | D:12     | 20890 ||| INVOKING Heroism.
 20895 | D:12     | Killed Sonja
 20907 | D:12     | 20907 ||| Stepping ~*~*~tactically~*~*~ (hiding).
 20911 | D:12     | 20911 ||| Stepping ~*~*~tactically~*~*~ (hiding).
 20913 | D:12     | Found a white marble altar of Elyvilon.
 21055 | D:12     | 21055 ||| DROPPING ring of magical power.
 21081 | D:13     | 21081 ||| INVOKING Heroism.
 21082 | D:13     | Found a gate to the Vaults.
 21094 | D:13     | Identified the +1 helmet of the Mind {Rampage rF+ rCorr
                  | MP+9 Int-3} (Okawaru gifted it to you on level 13 of the
                  | Dungeon)
 21094 | D:13     | Received a gift from Okawaru
 21095 | D:13     | Reached skill level 3 in Dodging
 21237 | D:13     | 21237 ||| INVOKING Heroism.
 21238 | D:13     | 21238 ||| SWAPPING to +0 war axe of flaming.
 21247 | D:13     | 21247 ||| SWAPPING to +2 broad axe of pain.
 21322 | D:13     | Identified the +8 dagger "Iruaq" {venom, rF+ MP+9}
 21340 | D:13     | Noticed Rupert
 21341 | D:13     | 21341 ||| INVOKING Heroism.
 21342 | D:13     | 21342 ||| INVOKING Finesse.
 21348 | D:13     | 21348 ||| DRINKING 6 potions of curing.
 21348 | D:13     | 21348 ||| (to cure confusion)
 21361 | D:13     | Killed Rupert
 21362 | D:13     | Reached XP level 15. HP: 62/96 MP: 15/22
 21420 | D:13     | 21420 ||| INVOKING Heroism.
 21586 | D:13     | 21586 ||| Stepping ~*~*~tactically~*~*~ (hiding).
 21589 | D:13     | 21589 ||| Stepping ~*~*~tactically~*~*~ (hiding).
 21590 | D:13     | 21590 ||| Stepping ~*~*~tactically~*~*~ (hiding).
 21591 | D:13     | 21591 ||| Stepping ~*~*~tactically~*~*~ (hiding).
 21592 | D:13     | 21592 ||| Stepping ~*~*~tactically~*~*~ (hiding).
 21598 | D:13     | 21598 ||| Stepping ~*~*~tactically~*~*~ (hiding).
 21599 | D:13     | 21599 ||| Stepping ~*~*~tactically~*~*~ (hiding).
 21600 | D:13     | 21600 ||| Stepping ~*~*~tactically~*~*~ (hiding).
 21673 | D:13     | 21673 ||| Stepping ~*~*~tactically~*~*~ (stealth).
 21783 | D:13     | 21783 ||| Stepping ~*~*~tactically~*~*~ (hiding).
 21798 | D:13     | 21798 ||| INVOKING Heroism.
 21837 | D:13     | 21837 ||| Stepping ~*~*~tactically~*~*~ (hiding).
 21838 | D:13     | 21838 ||| Stepping ~*~*~tactically~*~*~ (hiding).
 21948 | D:13     | 21948 ||| INVOKING Heroism.
 22037 | D:13     | 22037 ||| UPGRADING to +1 helmet of the Mind {Rampage rF+
                  | rCorr MP+9 Int-3}.
 22088 | D:13     | 22088 ||| DROPPING +1 helmet.
 22158 | D:14     | 22158 ||| INVOKING Heroism.
 22165 | D:14     | Reached skill level 17 in Axes
 22268 | D:14     | 22268 ||| INVOKING Heroism.
 22384 | D:14     | 22384 ||| INVOKING Heroism.
 22490 | D:14     | 22490 ||| INVOKING Heroism.
 22566 | D:14     | Noticed Josephine
 22575 | D:14     | Killed Josephine
 22579 | D:14     | 22579 ||| INVOKING Heroism.
 22652 | D:14     | 22652 ||| DROPPING +0 war axe of flaming.
 22763 | D:14     | 22763 ||| READING scroll of enchant armour.
 22763 | D:14     | 22763 ||| ENCHANTING +0 cloak.
 22783 | D:14     | Found a stormy altar of Qazlal.
 23006 | D:14     | 23006 ||| UPGRADING to +0 kite shield.
 23016 | D:14     | 23016 ||| DROPPING +0 buckler.
 23020 | D:15     | Entered Level 15 of the Dungeon
 23024 | D:15     | 23024 ||| STAIRDANCE
 23057 | D:15     | 23057 ||| Stepping ~*~*~tactically~*~*~ (hiding).
 23059 | D:15     | 23059 ||| INVOKING Heroism.
 23081 | Abyss:2  | Cast into level 2 of the Abyss (a wizard)
 23102 | Abyss:2  | Found a corrupted altar of Lugonu.
 23118 | Abyss:2  | Reached skill level 9 in Shields
 23124 | Abyss:2  | 23124 ||| Stepping ~*~*~tactically~*~*~ (stealth).
 23190 | D:15     | Escaped the Abyss
 23191 | D:15     | 23191 ||| INVOKING Heroism.
 23209 | D:15     | HP: 21/98 [tengu warrior/+1 war axe (4)]
 23210 | D:15     | 23210 ||| READING 4 scrolls of teleportation.
 23211 | D:15     | 23211 ||| DRINKING 4 potions of heal wounds.
 23292 | D:15     | 23292 ||| INVOKING Heroism.
 23321 | D:15     | Found a staircase to the Depths.
 23355 | D:15     | 23355 ||| Stepping ~*~*~tactically~*~*~ (hiding).
 23357 | D:15     | 23357 ||| Stepping ~*~*~tactically~*~*~ (hiding).
 23382 | D:15     | 23382 ||| INVOKING Heroism.
 23520 | D:15     | Found a hazy altar of Hepliaklqana.
 23617 | D:15     | 23617 ||| Stepping ~*~*~tactically~*~*~ (stealth).
 23620 | D:15     | 23620 ||| Stepping ~*~*~tactically~*~*~ (hiding).
 23727 | D:15     | Received a gift from Okawaru
 23858 | D:15     | 23858 ||| Stepping ~*~*~tactically~*~*~ (hiding).
 24205 | D:15     | 24205 ||| PLANNING ORC
 24205 | D:15     | 24205 ||| READING scroll labelled WUS ZILO HARGH.
 24353 | Orc:1    | Entered Level 1 of the Orcish Mines
 24375 | Orc:1    | 24375 ||| Stepping ~*~*~tactically~*~*~ (hiding).
 24376 | Orc:1    | 24376 ||| Stepping ~*~*~tactically~*~*~ (hiding).
 24386 | Orc:1    | 24386 ||| Stepping ~*~*~tactically~*~*~ (hiding).
 24387 | Orc:1    | 24387 ||| Stepping ~*~*~tactically~*~*~ (hiding).
 24509 | Orc:1    | Found Bithriad's Self-Improvement Boutique.
 24543 | Orc:1    | 24543 ||| Stepping ~*~*~tactically~*~*~ (hiding).
 24545 | Orc:1    | 24545 ||| Stepping ~*~*~tactically~*~*~ (hiding).
 24546 | Orc:1    | 24546 ||| Stepping ~*~*~tactically~*~*~ (hiding).
 24739 | Orc:2    | Entered Level 2 of the Orcish Mines
 24751 | Orc:2    | 24751 ||| INVOKING Heroism.
 24774 | Orc:2    | Found a staircase to the Elven Halls.
 24776 | Orc:2    | Found Kixtics's Book Shop.
 24776 | Orc:2    | Found Wiokhys's Antique Armour Boutique.
 24776 | Orc:2    | Found Irol's Antique Armour Shop.
 24776 | Orc:2    | Found Saocwupt's Antique Armour Boutique.
 24781 | Orc:2    | 24781 ||| DRINKING 5 potions of curing.
 24781 | Orc:2    | 24781 ||| (to cure confusion)
 24781 | Orc:2    | Paralysed by an orc sorcerer for 5 turns
 24784 | Orc:2    | HP: 19/98 [orc priest/divine providence (12)]
 24785 | Orc:2    | HP: 6/98 [red devil/+0 trident[an orc sorcerer] (5)]
 24786 | Orc:2    | 24786 ||| READING 3 scrolls of teleportation.
 24786 | Orc:2    | Killed from afar by an orc priest

Levels and vault maps discovered:
D:1:      minmay_arrival_loop, layout_basic, minmay_misc_feat_rugged,
          chequers_mini_garden, minmay_hedge_maze, fountainhead, st_stairs_6
D:2:      layout_loops_cross, basic_altar,
          chequers_ecumenical_altar_simple_redux, uniq_jessica
D:3:      layout_loops_cross, nemelex_dance_club_becter, grunt_ministairs_9,
          kennysheep_orc_chapel
D:4:      layout_basic, minmay_quadrilaterals, uniq_menkaure,
          uniq_blork_the_orc, uniq_crazy_yiuf_cottage
D:5:      layout_loops_ring, minmay_temple_entry_grid, grunt_ministairs_14,
          nicolae_figureground_pulse
D:6:      layout_gridville
D:7:      layout_rooms, serial_shops, shop, serial_curves, eino_curves_01,
          eino_curves_04, eino_curves_04, eino_curves_01
D:8:      layout_loops_ring, mainiacjoe_overflow_small_starburst
D:9:      layout_roguey, due_lair_maze_entry_diamond, enter_bailey_8,
          uniq_erolcha
D:10:     layout_small_grid, minmay_orc_entry_temple_small, uniq_snorg,
          uniq_erica
D:11:     layout_irregular_city, trove_entry_hex_spiral,
          nicolae_twisting_strands, kennysheep_donut
D:12:     layout_rooms, elyvilon_altar_5, uniq_sonja
D:13:     layout_basic, david_vaults_2, uniq_rupert
D:14:     layout_irregular_city, old_standard_altar, uniq_josephine
D:15:     hangedman_depths_entry_civil_slaughter, layout_long_grid,
          minmay_misc_feat_iff, worldfamousw_hep_ancestral_shrine
Temple:   mainiacjoe_temple_big_plus
Lair:1:   layout_loops_ring, hellmonk_ghost_happy_afterlife,
          serial_bayou_lagoon_a, serial_bayou_pond_d, serial_bayou_shore_b,
          lemuel_fruit_tree, uniq_maggie
Lair:2:   layout_cave_pods, swamp_mist_pool, minmay_lair_oklob_bushes,
          nicolae_lair_run_with_the_wolves
Lair:3:   layout_cave_pods, minmay_snake_entry_guardpost_large,
          chequers_serial_rivers_micro_c, nicolae_quartered_pool_medium,
          grunt_megastairs_2
Lair:4:   layout_regular_city, dpeg_slime_entry_corner
Lair:5:   gammafunk_lair_ancient_temple, layout_gridlike
Orc:1:    layout_caves, basic_altar, nicolae_shop_self_help
Orc:2:    st_orc_mages, layout_diamond_mine

Skill      XL: |  1  2  3  4  5  6  7  8  9 10 11 12 13 14 15 |
---------------+----------------------------------------------+-----
Axes           | 2 3 4 5 6 7 9 10 12 13 14 16 17 | 17.0
Fighting       | 4 5 6 7 8 9 10 11 12 13 | 13.1
Dodging        | 1 2 3 |  3.1
Armour         | 4 5 6 8 9 10 11 | 11.3
Invocations    | 4 5 9 10 | 10.0
Shields        | 4 5 6 7 8 11 | 11.8
Throwing       | 1 3 5 |  5.1

Action                     |  1- 3 |  4- 6 |  7- 9 | 10-12 | 13-15 || total
---------------------------+-------+-------+-------+-------+-------++-------
  Melee: War axe           |   114 |       |       |     5 |    39 ||   158
         Broad axe         |    64 |   132 |   350 |   602 |  1246 ||  2394
  Throw: Boomerang         |       |     1 |    11 |    54 |    99 ||   165
         Javelin           |       |       |       |    43 |    42 ||    85
 Invoke: Heroism           |       |       |    10 |    28 |    37 ||    75
         Finesse           |       |       |       |     1 |     2 ||     3
    Use: Scroll            |     7 |     2 |     8 |     7 |    10 ||    34
         Potion            |     1 |       |     2 |     3 |     4 ||    10
 Armour: Scale mail        |    46 |    38 |     3 |       |       ||    87
         Plate armour      |       |       |   245 |   284 |   753 ||  1282
  Dodge: Dodged            |    72 |    91 |   227 |   308 |   646 ||  1344
  Block: Buckler           |    24 |    19 |    87 |   120 |   256 ||   506
         Kite shield       |       |       |       |       |   125 ||   125

Table legend:
 A = Non-vault XP
 B = Vault XP
 C = Vault XP percentage of total XP
 D = Non-vault monster count
 E = Vault monster count
 F = Vault count percentage of total count
                 A         B        C        D         E       F
            +---------+---------+-------+---------+---------+-------
      Total |  103453 |   25378 |  19.7 |     517 |      93 |  15.2
            +---------+---------+-------+---------+---------+-------
        D:1 |      37 |       2 |   5.1 |      19 |       1 |   5.0
        D:2 |      62 |      37 |  37.4 |      21 |       1 |   4.5
        D:3 |      45 |      62 |  57.9 |      14 |       8 |  36.4
        D:4 |     336 |     316 |  48.5 |      19 |       6 |  24.0
        D:5 |     540 |     144 |  21.1 |      18 |       6 |  25.0
        D:6 |    1668 |       0 |   0.0 |      35 |       0 |   0.0
        D:7 |    1341 |       0 |   0.0 |      33 |       0 |   0.0
        D:8 |    2904 |       0 |   0.0 |      15 |       0 |   0.0
        D:9 |    3016 |    1599 |  34.6 |      23 |       8 |  25.8
       D:10 |    3255 |    2391 |  42.3 |      24 |      15 |  38.5
       D:11 |    3075 |       0 |   0.0 |      15 |       0 |   0.0
       D:12 |    4147 |     778 |  15.8 |      17 |       1 |   5.6
       D:13 |   11453 |    4286 |  27.2 |      31 |       4 |  11.4
       D:14 |    9151 |    1998 |  17.9 |      21 |       6 |  22.2
       D:15 |   10056 |    4055 |  28.7 |      23 |       6 |  20.7
     Lair:1 |    6964 |     395 |   5.4 |      32 |       1 |   3.0
     Lair:2 |    4812 |    1560 |  24.5 |      17 |      10 |  37.0
     Lair:3 |    4656 |     795 |  14.6 |      18 |       4 |  18.2
     Lair:4 |   11610 |     270 |   2.3 |      36 |       1 |   2.7
     Lair:5 |   17729 |    6690 |  27.4 |      47 |      15 |  24.2
      Orc:1 |    1177 |       0 |   0.0 |      23 |       0 |   0.0
      Orc:2 |    1181 |       0 |   0.0 |      10 |       0 |   0.0
    Abyss:2 |    4238 |       0 |   0.0 |       6 |       0 |   0.0
            +---------+---------+-------+---------+---------+-------
